 Dungeon Crawl Stone Soup version 0.30-a0-223-gcb0039aa0c (webtiles) character file.

Game seed: 2740031652266938221

34 qw the Chopper (level 3, -3/23 HPs)
             Began as a Gargoyle Fighter on Oct 9, 2022.
             Slain by a worm (5 damage)
             ... on level 2 of the Dungeon.
             The game lasted 00:00:32 (1248 turns).

qw the Chopper (Gargoyle Fighter)                   Turns: 1248, Time: 00:00:33

Health: -3/23      AC: 10    Str: 21    XL:     3   Next: 31%
Magic:  3/3        EV:  9    Int:  8    God:
Gold:   13         SH:  4    Dex:  9    Spells: 2/2 levels left

rFire   . . .      SeeInvis .    Y - +0 war axe
rCold   . . .      Faith    .    c - +0 buckler
rNeg    + . .      Spirit   .    b - +0 scale mail
rPois   inf        Reflect  .    (no helmet)
rElec   +          Harm     .    (no cloak)
rCorr   .          Rampage  .    (no gloves)
Will    .....                    (no boots)
Stlth   ..........               (no amulet)
HPRegen 0.23/turn                (no ring)
MPRegen 0.08/turn                (no ring)

@: no status effects
A: sickness immunity, AC +3, negative energy resistance 1, electricity
resistance, torment resistance 1, petrification resistance
a: no special abilities


You were on level 2 of the Dungeon.
You visited 1 branch of the dungeon, and saw 2 of its levels.

You collected 13 gold pieces.


Innate Abilities, Weirdness & Mutations

You are immune to sickness and miasma.
Your stone body is resilient. (AC +3)
You are immune to poison.
You resist negative energy. (rN+)
You are resistant to electric shocks. (rElec)
You are resistant to unholy torment.
You are immune to petrification.


   Skills:
 - Level 3.2 Fighting
 + Level 3.3 Axes
 - Level 3.2 Armour
 - Level 3.2 Shields


You had 2 spell levels left.
You didn't know any spells.
Your spell library was empty.

Inventory:

Hand Weapons
 a - a +0 whip
 Y - a +0 war axe (weapon)
Armour
 b - a +0 scale mail (worn)
 c - a +0 buckler (worn)
Potions
 d - 3 potions of might
 e - a potion of berserk rage {unknown}
 h - a potion of mutation {unknown}
 i - a potion of lignification

Dungeon Overview and Level Annotations

Branches:
Dungeon (2/15)

Altars:

Shops:
D:1 (


Message History

The adder bites you but does no damage.
A gnoll comes into view. It is wielding a +0 spear.
You closely miss the adder.
The gnoll shouts! x2
The adder bites you but does no damage.
A dart slug comes into view.
The adder bites you.
You hit the adder.
The adder is severely wounded.
The adder bites you but does no damage.
A gnoll opens the door.
You barely miss the adder.
The adder is severely wounded.
The adder bites you. The gnoll hits you but does no damage.
The adder bites you but does no damage. The gnoll barely misses you.
You hit the adder.
You kill the adder!
Found a short glass wand and a dagger.
The gnoll hits you from afar with a +0 spear.
The gnoll hits you with a +0 club.
You barely miss the gnoll. x2
The gnoll closely misses you. You block the gnoll's attack.
The gnoll hits you from afar with a +0 spear.
You closely miss the gnoll. You hit the worm. You hit the gnoll.
The gnoll hits you with a +0 club! The gnoll closely misses you.
You block the gnoll's attack. The worm bites you but does no damage.
You hit the gnoll.
The gnoll is almost dead.
You hit the worm but do no damage. You closely miss the gnoll.
The gnoll closely misses you. The gnoll misses you. The worm misses you.
You closely miss the gnoll.
The gnoll is almost dead.
You barely miss the worm. You closely miss the gnoll.
The gnoll closely misses you.
The gnoll hits you but does no damage. x2
The gnoll barely misses you.
The gnoll hits you from afar with a +0 spear.
You hit the gnoll but do no damage.
The gnoll is almost dead.
You hit the worm but do no damage. You slash the gnoll! The worm bites you.
You die...

..# ### .# ## .# .# .#
.# .#
.################.#
..##........ ...#.#
#.##.##########.#.######
.............)..@g......
#.....#########w#g#'####
####..## ...#wg. #...###
.....#g....
####.#...##............/
.....###(##....##.......
###### #.##.... ..)....
###..#.... .####+#
#....# ...


You could see a worm, 4 gnolls and a dart slug.

Vanquished Creatures
  An adder (D:2)
  A worm (D:2)
  A dart slug (D:1)
  3 ball pythons (D:1)
  2 endoplasms (D:1)
  A goblin (D:1)
  2 hobgoblins
  2 quokkas
  A frilled lizard (D:2)
  4 kobolds
  A rat (D:1)
19 creatures vanquished.

Notes
Turn   | Place    | Note
-------+----------+-------------------------------------------
     0 | D:1      | qw the Gargoyle Fighter began the quest for the Orb.
     0 | D:1      | Reached XP level 1. HP: 14/14 MP: 1/1
     0 | D:1      | 0 ||| qw: Version: 0.2-a-17-g06abaee
     0 | D:1      | 0 ||| qw: Game counter: 2217
     0 | D:1      | 0 ||| qw: Always use a shield: true
     0 | D:1      | 0 ||| qw: God list: Okawaru
     0 | D:1      | 0 ||| qw: Allow faded altars: false
     0 | D:1      | 0 ||| qw: Do Orc after D:15 true
     0 | D:1      | 0 ||| qw: Do second Lair branch before Depths: true
     0 | D:1      | 0 ||| qw: Lair rune preference: random
     0 | D:1      | 0 ||| qw: Plans: Normal, Zot:1-4, God:TSO, Crypt, Tomb,
                  | Pan, Slime:5, Hells, Abyss, Orb
     0 | D:1      | 0 ||| PLANNING D:1-11
    92 | D:1      | Found Xiyschiargh's Weapon Boutique.
   100 | D:1      | 100 ||| SHOPLISTING +0 mace (33 gold, have 0).
   100 | D:1      | 100 ||| SHOPLISTING +0 whip (27 gold, have 0).
   219 | D:1      | Reached XP level 2. HP: 19/19 MP: 2/2
   339 | D:1      | 339 ||| Stepping ~*~*~tactically~*~*~ (hiding).
   946 | D:1      | 946 ||| READING scroll labelled EPSUAS GURAE.
   947 | D:1      | 947 ||| READING scroll labelled FESOWK EB UFI.
  1032 | D:2      | Reached skill level 3 in Axes
  1110 | D:2      | 1110 ||| Stepping ~*~*~tactically~*~*~ (stealth).
  1120 | D:2      | Reached XP level 3. HP: 23/23 MP: 3/3
  1129 | D:2      | 1129 ||| DRINKING 2 viscous emerald potions.
  1153 | D:2      | 1153 ||| Stepping randomly (stuck).
  1155 | D:2      | 1155 ||| Stepping randomly (stuck).
  1156 | D:2      | 1156 ||| Stepping randomly (stuck).
  1157 | D:2      | 1157 ||| Stepping randomly (stuck).
  1158 | D:2      | 1158 ||| Stepping randomly (stuck).
  1159 | D:2      | 1159 ||| Stepping randomly (stuck).
  1160 | D:2      | 1160 ||| Stepping randomly (stuck).
  1161 | D:2      | 1161 ||| Stepping randomly (stuck).
  1162 | D:2      | 1162 ||| Stepping randomly (stuck).
  1163 | D:2      | 1163 ||| Stepping randomly (stuck).
  1164 | D:2      | 1164 ||| Stepping randomly (stuck).
  1166 | D:2      | 1166 ||| Stepping randomly (stuck).
  1168 | D:2      | 1168 ||| Stepping randomly (stuck).
  1169 | D:2      | 1169 ||| Stepping randomly (stuck).
  1170 | D:2      | 1170 ||| Stepping randomly (stuck).
  1171 | D:2      | 1171 ||| Stepping randomly (stuck).
  1172 | D:2      | 1172 ||| Stepping randomly (stuck).
  1173 | D:2      | 1173 ||| Stepping randomly (stuck).
  1245 | D:2      | HP: 3/23 [gnoll/+0 club (7)]
  1247 | D:2      | HP: 1/23 [gnoll/+0 spear (2)]
  1248 | D:2      | Slain by a worm

Levels and vault maps discovered:
D:1:      minmay_arrival_loop, layout_basic, serial_shops, shop,
          grunt_decor_junction
D:2:      layout_basic, shapermc_ecumenical_altar_ellora, reono_crystal_passage,
          minmay_quadrilaterals

Skill      XL: |  1  2 |
---------------+-------+-----
Axes           | 2 3 |  3.3
Fighting       | |  3.2
Armour         | |  3.2
Shields        | |  3.2

Action                   || total
-------------------------++-------
Melee: War axe           ||    59
  Use: Scroll            ||     2
       Potion            ||     1
Armor: Scale mail        ||    28
       Skin              ||     2
Dodge: Dodged            ||    26
Block: Buckler           ||     8

Table legend:
 A = Non-vault XP
 B = Vault XP
 C = Vault XP percentage of total XP
 D = Non-vault monster count
 E = Vault monster count
 F = Vault count percentage of total count
                 A         B        C        D         E       F
            +---------+---------+-------+---------+---------+-------
      Total |      49 |       0 |   0.0 |      19 |       0 |   0.0
            +---------+---------+-------+---------+---------+-------
        D:1 |      22 |       0 |   0.0 |      12 |       0 |   0.0
        D:2 |      27 |       0 |   0.0 |       7 |       0 |   0.0
            +---------+---------+-------+---------+---------+-------
